 Dungeon Crawl Stone Soup version 0.26.0-57-g60708a5e39 (webtiles) character file.

Game seed: 15679583636081439350

1405 Gauvater the Chopper (level 8, -3/61 HPs)
             Began as a Demonspawn Fighter on Feb 1, 2021.
             Was an Initiate of Wu Jian.
             Killed from afar by a white imp (8 damage)
             ... with a puff of frost
             ... on level 6 of the Dungeon.
             The game lasted 00:21:39 (6852 turns).

Gauvater the Chopper (Demonspawn Fighter)           Turns: 6852, Time: 00:21:40

Health: -3/61      AC:  8    Str: 19    XL:     8   Next: 42%
Magic:  8/8        EV:  8    Int: 10    God:    Wu Jian [......]
Gold:   324        SH:  9    Dex: 12    Spells: 7/7 levels left

rFire    . . .     SeeInvis .   a - +0 war axe
rCold    . . .     Faith    .   c - +0 kite shield
rNeg     . . .     Spirit   .   b - +0 scale mail
rPois    .         Reflect  .   (helmet restricted)
rElec    .         Harm     .   (no cloak)
rCorr    .         Rampage  .   (no gloves)
Will     .....                  (no boots)
Stlth    ..........             (no amulet)
HPRegen  0.20/turn              (no ring)
MPRegen  0.11/turn              (no ring)

@: lethally poisoned (-3 -> -4)
A: antennae 1, demonic guardian 1, miasma immunity, sharp scales 1
a: Renounce Religion


You were on level 6 of the Dungeon.
You worshipped Wu Jian.
Wu Jian was noncommittal.
You visited 2 branches of the dungeon, and saw 7 of its levels.

You collected 324 gold pieces.

Inventory:

Hand Weapons
 a - a +0 war axe (weapon)
 u - a cursed -2 flail
Missiles
 h - 142 stones (quivered)
 l - 78 sling bullets
 p - 67 arrows
 r - 91 bolts
 A - 4 javelins
Armour
 b - a +0 scale mail (worn)
 c - a +0 kite shield (worn)
Magical Staves
 B - an uncursed staff of conjuration {unknown}
Wands
 x - a wand of random effects (5)
Scrolls
 f - 2 scrolls of amnesia {unknown}
 g - 2 scrolls of noise {unknown}
 i - a scroll of fear {unknown}
 j - 3 scrolls of remove curse
 k - 4 scrolls of enchant armour {unknown}
 n - 3 scrolls of teleportation {unknown}
 q - 5 scrolls of identify {unknown}
 y - a scroll of fog {unknown}
 C - a scroll of magic mapping {unknown}
Potions
 d - 2 potions of might
 e - a potion of lignification {unknown}
 m - a potion of curing
 o - a potion of heal wounds {unknown}
 s - a potion of attraction {unknown}
 t - 2 potions of mutation {unknown}
 v - 2 potions of haste {unknown}
 w - a potion of brilliance {unknown}
 z - a potion of ambrosia {unknown}


   Skills:
 + Level 4.9 Fighting
 + Level 6.0 Axes
 + Level 5.1 Armour
 + Level 2.6 Dodging
 + Level 0.7 Stealth
 + Level 4.7 Shields


You had 7 spell levels left.
You didn't know any spells.
Your spell library was empty.

Dungeon Overview and Level Annotations

Branches:
Dungeon (6/15)             Temple (1/1) D:4

Altars:
Ashenzari
Cheibriados
Dithmenos
Hepliaklqana
Kikubaaqudgha
Makhleb
Okawaru
Sif Muna
Trog
Uskayaw
Vehumet
Wu Jian
Xom
Yredelemnul

Annotations:
D:3 3 runed translucent doors, Gauvater's ghost, amateur PaAK


Innate Abilities, Weirdness & Mutations

You have a pair of small antennae on your head.
A weak demonic guardian rushes to your aid.
You are immune to miasma.
You are partially covered in razor-sharp scales. (AC +1, Slay +1)


Message History

You hit the white imp but do no damage. The white imp gestures at you.
You block the puff of frost. You block the worker ant's attack.
You barely miss the worker ant.
The worker ant is almost dead.
You barely miss the white imp.
The worker ant bites you but does no damage.
The white imp gestures at you. You block the puff of frost.
The worker ant bites you.
* * * LOW HITPOINT WARNING * * *
You are poisoned.
The worker ant poisons you!
You closely miss the worker ant.
The worker ant is almost dead.
You hit the white imp but do no damage.
You feel sick.
The white imp hits you but does no damage.
You block the worker ant's attack. The white imp gestures at you.
The puff of frost hits you!
You die...

####....#.######
#.......#.....#
##.........#.......
##..........##....##
#..####.###!# ....#
##..##...# #.# ....#
#...#....# #5# ....#
#...#....###.# ....#
##..B@...)##..#
#...5#######..#
#....# ###...#
..#....####.....#
............5....#
######.###########
#. .. ..#


You could see a worker ant and a white imp.

Vanquished Creatures
  Pikel (D:5)
  An orc warrior (D:6)
  An ogre (D:6)
  A centaur (D:6)
  A lemure (D:5)
  2 bullfrogs (D:6)
  A scorpion (D:4)
  2 bullfrog zombies (D:5)
  A quasit (D:5)
  An orc priest (D:4)
  An iguana (D:4)
  An orc wizard (D:4)
  5 worker ants
  A howler monkey skeleton (D:4)
  8 adders
  2 white imps
  2 adder zombies
  A worm (D:2)
  A dart slug (D:3)
  4 leopard geckos
  2 orcs (D:4)
  5 giant cockroaches
  5 goblins
  6 hobgoblins
  18 jackals
  2 quokkas
  2 ball pythons
  8 bats
  A frilled lizard (D:1)
  4 kobolds
  A leopard gecko skeleton (D:4)
  A quokka skeleton (D:4)
  10 rats
103 creatures vanquished.

Vanquished Creatures (collateral kills)
  A water moccasin (D:6)
  A lemure (D:5)
  A bullfrog (D:6)
3 creatures vanquished.

Grand Total: 106 creatures vanquished

Notes
Turn   | Place    | Note
-------+----------+-------------------------------------------
     0 | D:1      | Gauvater the Demonspawn Fighter began the quest for the
                  | Orb.
     0 | D:1      | Reached XP level 1. HP: 18/18 MP: 1/1
    46 | D:1      | Reached skill level 2 in Axes
   221 | D:1      | Gained mutation: You are partially covered in razor-sharp
                  | scales. (AC +1, Slay +1) [demonic ancestry]
   221 | D:1      | Reached XP level 2. HP: 24/24 MP: 2/2
   825 | D:2      | Gained mutation: You have a pair of small antennae on your
                  | head. [demonic ancestry]
   825 | D:2      | Reached XP level 3. HP: 29/29 MP: 3/3
  1026 | D:2      | Gained mutation: You are immune to miasma. [demonic
                  | ancestry]
  1026 | D:2      | Reached XP level 4. HP: 35/35 MP: 4/4
  1085 | D:2      | Found an ancient bone altar of Kikubaaqudgha.
  2172 | D:3      | Found a runed translucent gate.
  2173 | D:3      | Found a runed translucent gate.
  2174 | D:3      | Found a runed translucent gate.
  2993 | D:3      | Found a broken altar of Ashenzari.
  3099 | D:3      | Reached skill level 3 in Axes
  3253 | D:3      | Noticed Gauvater's ghost (amateur PaAK)
  3296 | D:4      | Gained mutation: A weak demonic guardian rushes to your
                  | aid. [demonic ancestry]
  3296 | D:4      | Reached XP level 5. HP: 36/42 MP: 5/5
  3314 | D:4      | Found a snail-covered altar of Cheibriados.
  3482 | D:4      | Found an iron altar of Okawaru.
  3721 | D:4      | Found a staircase to the Ecumenical Temple.
  3730 | Temple   | Entered the Ecumenical Temple
  3849 | Temple   | Became a worshipper of the Wu Jian Council
  3910 | D:4      | Reached skill level 1 in Dodging
  4310 | D:4      | Reached XP level 6. HP: 48/48 MP: 6/6
  4780 | D:5      | Entered Level 5 of the Dungeon
  4861 | D:5      | Found a basalt altar of Yredelemnul.
  5649 | D:5      | Noticed Pikel
  5657 | D:5      | Reached skill level 4 in Axes
  5673 | D:5      | Killed Pikel
  5674 | D:5      | Reached skill level 5 in Axes
  5674 | D:5      | Reached XP level 7. HP: 17/55 MP: 7/7
  6434 | D:6      | Reached XP level 8. HP: 55/61 MP: 8/8
  6776 | D:6      | Reached skill level 5 in Armour
  6780 | D:6      | Reached skill level 6 in Axes
  6852 | D:6      | Killed from afar by a white imp

Illustrated notes

Levels and vault maps discovered:
D:1:      minmay_arrival_stair_chambers, layout_basic
D:2:      layout_basic, kiku_gazebo_pond_becter, corexii_hall_statues_u
D:3:      layout_basic, ebering_ghost_rock_garden, cheibrodos_ashenzari_chains
D:4:      layout_gridville, okawaru_trees_1, lemuel_doored_altar,
          minmay_temple_entry_statues_fountains, nicolae_ossuary_entry_monument
D:5:      lemuel_ice_spiral_2, layout_basic, kennysheep_mini, uniq_pikel
D:6:      minmay_recursive_quarters, layout_basic, minitemple
Temple:   compressed_dpeg_circular_temple

Skill      XL: |  1  2  3  4  5  6  7  8 |
---------------+-------------------------+-----
Axes           | 2 3 5 6 |  6.0
Armour         | 3 4 5 |  5.1
Shields        | 3 4 |  4.7
Dodging        | 1 2 |  2.6
Fighting       | 4 |  4.9
Stealth        | |  0.7

Action                   |  1- 3 |  4- 6 |  7- 9 || total
-------------------------+-------+-------+-------++-------
Melee: War axe           |   131 |   245 |    53 ||   429
Invok: Lunge             |       |     1 |     1 ||     2
  Use: Scroll            |       |     1 |       ||     1
       Potion            |       |       |     2 ||     2
Armor: Scale mail        |   102 |   162 |    15 ||   279
Dodge: Dodged            |    57 |    80 |    14 ||   151
Block: Kite shield       |   101 |   162 |    34 ||   297
